 Dungeon Crawl Stone Soup version 0.25-a0-566-g062765be81 (webtiles) character file.

Game seed: 8702300994485208111, levelgen mode: classic

51378 EnegeticOcto the Champion of Chaos (level 14, 136/136 HPs)
             Began as a Deep Dwarf Fighter on Feb 27, 2020.
             Was the Champion of Makhleb.
             Quit the game on level 14 of the Dungeon.
             The game lasted 00:10:26 (11526 turns).

EnegeticOcto the Champion of Chaos (DDFi)          Turns: 11526, Time: 00:10:27

Health: 136/136    AC: 21    Str: 24    XL:     14   Next: 23%
Magic:  2/2 (8)    EV:  9    Int: 10    God:    Makhleb [******]
Gold:   1341       SH: 19    Dex: 12    Spells: 13/13 levels left

rFire    + + +     SeeInvis .   E - +9 hand axe of the Hero {antimagic, rC+}
rCold    + + .     Gourm    .   d - +0 tower shield
rNeg     + . .     Faith    .   g - +2 plate armour {rF+}
rPois    .         Spirit   .   D - +0 helmet "Diwk" {+Fly rF++ rCorr}
rElec    .         Reflect  .   c - scarf {rC+ rF+}
rCorr    +         Harm     +   (no gloves)
MR       ++++.                  p - +2 pair of boots
Stlth    ..........             m - amulet of harm
HPRegen  0.00/turn              q - +2 ring of evasion
MPRegen  0.08/turn              y - ring of protection from magic

@: non-regenerating
A: damage resistance, heal wounds, magic resistance 1, negative energy
resistance 1, sense surroundings 2, sturdy frame 1, no regeneration
a: Heal Wounds, Minor Destruction, Lesser Servant of Makhleb, Major Destruction,
Greater Servant of Makhleb, Renounce Religion, Evoke Flight


You were on level 14 of the Dungeon.
You worshipped Makhleb.
Makhleb was exalted by your worship.
You were not hungry.

You visited 3 branches of the dungeon, and saw 17 of its levels.
You also visited: Sewer, Ossuary and Gauntlet.

You collected 1669 gold pieces.
You spent 328 gold pieces at shops.

Inventory:

Hand Weapons
 E - the +9 hand axe of the Hero (weapon) {antimagic, rC+}
   (You found it on level 13 of the Dungeon)

   It reduces the magical energy of the wielder, and disrupts the spells and
   magical abilities of those hit.
   Natural abilities and divine invocations are not affected.
   It protects you from cold.
Armour
 c - a scarf of resistance (worn)
 d - a +0 tower shield (worn)
 g - a +2 plate armour of fire resistance (worn)
 p - a +2 pair of boots (worn)
 D - the +0 helmet "Diwk" (worn) {+Fly rF++ rCorr}
   (You found it in a Gauntlet)

   It greatly protects you from fire.
   It lets you fly.
   It provides partial protection from all sources of acid and corrosion.
   If you remove this armour, your AC will decrease by 1 (21 -> 20).
Jewellery
 m - an amulet of harm (around neck)
 q - a +2 ring of evasion (left hand)
 y - a ring of protection from magic (right hand)
Wands
 j - a wand of acid (12) {@v1}
 z - a wand of paralysis (13)
Scrolls
 f - 4 scrolls of fear
 h - a scroll of blinking {@r3}
 o - 2 scrolls of remove curse {@r6}
 s - 5 scrolls of teleportation {@r2}
 x - a scroll of fog
 B - a scroll of enchant armour
Potions
 b - 2 potions of ambrosia {unknown}
 i - 3 potions of mutation
 k - 4 potions of might {@q3}
 l - 5 potions of flight
 n - 4 potions of haste {@q4}
 r - 7 potions of curing {@q1}
 t - 2 potions of invisibility
 v - a potion of lignification {@q7}
 w - 2 potions of cancellation
 F - a potion of resistance {unknown}
Comestibles
 a - 2 chunks of flesh
 e - 17 rations


   Skills:
 * Level 11.8 Fighting
 * Level 13.5 Axes
 + Level 10.2 Armour
 - Level 3.8 Dodging
 * Level 11.8 Shields
 * Level 14.2 Invocations


You had 13 spell levels left.
You didn't know any spells.
Your spell library was empty.

Dungeon Overview and Level Annotations

Branches:
Dungeon (14/15)            Temple (1/1) D:6            Lair (0/6) D:8
    Orc (2/2) D:11            Elf (0/3) Orc:2        Vaults (0/5) D:14
  Sewer (visited)         Ossuary (visited)         Gauntlet (visited)

Altars:
Ashenzari
Dithmenos
Elyvilon
Fedhas
Gozag
Hepliaklqana
Kikubaaqudgha
Makhleb
Okawaru
Qazlal
Ru
Vehumet
Xom
Yredelemnul
Zin
The Shining One
Beogh

Shops:
D:14 (   Orc:2 (:%[[

Annotations:
D:7 3 runed translucent doors, zikan's ghost, novice GrEE
D:9 3 runed translucent doors, Voda's ghost, novice OpAs


Innate Abilities, Weirdness & Mutations

You are resistant to damage.
You can heal yourself by infusing magical energy.
You resist negative energy. (rN+)
You passively map the area around you.
You do not regenerate.
You are resistant to hostile enchantments. (MR+)
Your movements are slightly less encumbered by armour. (ER -2)


Message History

Makhleb accepts your kill.
You feel better.
You slash the slime creature! You hit the slime creature.
The slime creature is almost dead.
You block the slime creature's attack.
You slash the slime creature!
You kill the slime creature!
Makhleb accepts your kill.
No target in view!
No target in view!
No target in view!
No target in view!
No target in view!
No target in view!
No target in view!
No target in view!
No target in view!
No target in view!
No target in view!
No target in view!
No target in view!
No target in view!
No target in view!
No target in view!
No target in view!
No target in view!
No target in view!
No target in view!
No target in view!
No target in view!
No target in view!
No target in view!
You now have 1302 gold pieces (gained 12).
You now have 1320 gold pieces (gained 18).
A worker ant comes into view.
The worker ant twitches its antennae in your direction.
A worker ant is nearby!
A worker ant is nearby!
A worker ant is nearby!
A worker ant is nearby!
A worker ant is nearby!
A worker ant is nearby!
A worker ant is nearby!
A worker ant is nearby!
You slash the worker ant!
The worker ant is severely wounded.
You block the worker ant's attack.
You hit the worker ant.
The worker ant is almost dead.
You block the worker ant's attack.
You hit the worker ant but do no damage.
The worker ant is almost dead.
You slash the worker ant!
You kill the worker ant!
Makhleb accepts your kill.
No target in view!
No target in view!
No target in view!
No target in view!
No target in view!
You butcher the worker ant corpse.
a - 3 chunks of flesh You now have 1341 gold pieces (gained 21).
f - 4 scrolls of fear (gained 1) Eating one of 3 chunks of flesh.
You eat one of the 3 chunks of flesh.
This raw flesh tastes terrible.
o - 2 scrolls of remove curse {@r6} (gained 1)
Found a stone staircase leading up.
You see here a scale mail.
You see here a robe.
Found a stone staircase leading down.
There is a stone staircase leading down here.
You see here a +0 hand axe.
Found a tin of tremorstones.
No target in view!
Found a gate to the Vaults.
No target in view!
No target in view!
No target in view!
Done exploring.
Done exploring.
Done exploring.
Done exploring.
No target in view!
No target in view!
No target in view!
No target in view!
No target in view!
No target in view!
No target in view!
No target in view!
No target in view!
Done exploring.
Done exploring.
Done exploring.
Done exploring.
Done exploring.
Done exploring.
Okay, then.
Are you sure you want to abandon this character and quit the game? (Confirm with "yes".)

##.....##...###...#.#.(.###...##
#>###...#.#...#.#...#.#...#.#..
### #...(#.....#.....#.....#...
##..#.#...#.#...#.#...#.#..
###...###...#.#...###...##
#............#............
#...........#.#...........
#########..#...#..........
#@.#...#...####### #..#...#...#
#...#.#....# #....#.....#
#...#.#....# #..#...#...#
#..#...#...# #####......#
########


There were no monsters in sight!

Vanquished Creatures
  Jorgrun (D:13)
  Kirke (D:13)
  A minotaur (Gauntlet)
  6 two-headed ogres
  Erica (D:11)
  3 centaur warriors
  An ogre mage (D:14)
  4 death yaks (Gauntlet)
  2 tengu warriors
  Urug (D:13)
  6 orc high priests
  A fire crab (Gauntlet)
  A skeletal warrior (D:14)
  An unseen horror (D:10)
  5 orc knights
  9 ugly things
  A deep elf mage (D:13)
  A wolf spider zombie (D:13)
  A cyclops (D:14)
  Joseph (D:10)
  2 gargoyles
  A torpor snail (Gauntlet)
  A komodo dragon (D:10)
  2 kobold demonologists
  6 centaur skeletons
  3 tengu conjurers
  3 trolls
  A hornet (D:12)
  4 slime creatures (D:14)
  2 hippogriffs
  A meliai zombie (D:12)
  2 wyverns
  5 fire bats (Gauntlet)
  A shadow (D:13)
  13 yaks
  Eustachio (D:5)
  4 hogs
  A human (D:9)
  2 wraiths (D:14)
  8 vampire mosquitoes
  A porcupine (D:8)
  2 hell hounds (Gauntlet)
  A soldier ant (D:11)
  Purgy (Sewer)
  32 orc warriors
  2 sky beasts
  A phantom (D:10)
  6 ice beasts
  2 necrophages
  A black bear (D:9)
  3 eyes of draining
  8 ogres
  16 centaurs
  An elf zombie (Ossuary)
  3 big kobolds
  12 bullfrogs
  A water moccasin skeleton (D:4)
  6 scorpions
  4 killer bees (D:10)
  4 wights (D:12)
  4 howler monkeys
  An electric eel (D:14)
  7 crimson imps
  2 centaur zombies
  7 jellies
  A quasit (D:13)
  6 hounds
  21 orc priests
  A bullfrog skeleton (D:7)
  26 orc wizards
  5 iguanas
  11 worker ants
  A big kobold zombie (Ossuary)
  2 mummies (Ossuary)
  10 adders
  A river rat (D:5)
  7 shadow imps
  2 oozes (D:1)
  2 adder zombies
  An adder skeleton (D:10)
  3 worms (D:5)
  5 dart slugs
  A leopard gecko (D:9)
  95 orcs
  2 ball pythons (D:5)
  6 goblins
  7 hobgoblins
  5 jackals
  16 kobolds
  4 quokkas
  4 bats
  2 frilled lizards (D:2)
  5 gnoll zombies (Ossuary)
  4 goblin zombies (Ossuary)
  2 hobgoblin zombies (Ossuary)
  A leopard gecko zombie (D:6)
  An orc zombie (Ossuary)
  4 rats
  2 fungi (D:8)
505 creatures vanquished.

Vanquished Creatures (collateral kills)
  An orc knight (Orc:2)
  2 vampire mosquitoes (D:13)
  4 orc warriors (Orc:2)
  3 orc priests (Orc:2)
  4 orcs (Orc:2)
14 creatures vanquished.

Vanquished Creatures (others)
  A human (D:13)
1 creature vanquished.

Grand Total: 520 creatures vanquished

Notes
Turn   | Place    | Note
-------+----------+-------------------------------------------
     0 | D:1      | EnegeticOcto the Deep Dwarf Fighter began the quest for the
                  | Orb.
     0 | D:1      | Reached XP level 1. HP: 20/20 MP: 1/1
    55 | D:1      | Reached XP level 2. HP: 27/27 MP: 2/2
   210 | D:2      | Reached skill level 1 in Dodging
   210 | D:2      | Reached XP level 3. HP: 31/34 MP: 3/3
   646 | D:3      | Reached XP level 4. HP: 30/42 MP: 4/4
   886 | D:4      | Reached XP level 5. HP: 50/50 MP: 5/5
   913 | D:4      | Got a fine ring mail
   924 | D:4      | Identified the +0 ring mail "Erileuci" {rElec Int-3 Dex+4}
                  | (You found it on level 4 of the Dungeon)
  1274 | D:4      | Noticed an eye of draining
  1274 | D:4      | Noticed a hippogriff
  1298 | D:4      | Killed a hippogriff
  1298 | D:4      | Reached XP level 6. HP: 35/57 MP: 0/6
  1595 | D:5      | Entered Level 5 of the Dungeon
  1601 | D:5      | Noticed Eustachio
  1646 | D:5      | Killed Eustachio
  1646 | D:5      | Reached skill level 5 in Axes
  1646 | D:5      | Reached XP level 7. HP: 27/66 MP: 7/7
  2119 | D:5      | Found a glowing drain.
  2139 | Sewer    | Entered a sewer
  2198 | Sewer    | Noticed Purgy
  2212 | Sewer    | Killed Purgy
  2212 | Sewer    | Reached skill level 5 in Fighting
  2550 | D:6      | Reached skill level 5 in Shields
  2554 | D:6      | Reached XP level 8. HP: 58/74 MP: 7/7
  2565 | D:6      | Reached skill level 5 in Armour
  2654 | D:6      | Found a shadowy altar of Dithmenos.
  2755 | D:6      | Found a staircase to the Ecumenical Temple.
  2765 | Temple   | Entered the Ecumenical Temple
  2812 | Temple   | Became a worshipper of Makhleb the Destroyer
  3077 | D:7      | Reached skill level 1 in Invocations
  3087 | D:7      | Reached skill level 2 in Invocations
  3097 | D:7      | Found a sand-covered staircase.
  3101 | Ossuary  | Entered an ossuary
  3112 | Ossuary  | Reached * piety under Makhleb
  3318 | D:7      | Noticed a hippogriff
  3345 | D:7      | Reached skill level 3 in Invocations
  3360 | D:7      | Gained mutation: You passively map the area around you.
                  | [Deep Dwarf growth]
  3360 | D:7      | Reached XP level 9. HP: 42/82 MP: 8/8
  3366 | D:7      | Reached skill level 4 in Invocations
  3561 | D:7      | Found a runed translucent gate.
  3561 | D:7      | Found a runed translucent gate.
  3561 | D:7      | Found a runed translucent gate.
  3561 | D:7      | Noticed zikan's ghost (novice GrEE)
  3751 | D:8      | Reached skill level 5 in Invocations
  3929 | D:8      | Reached skill level 6 in Invocations
  3938 | D:8      | Reached ** piety under Makhleb
  4162 | D:8      | Found a staircase to the Lair.
  4457 | D:9      | Found a flagged portal.
  4466 | D:9      | Reached XP level 10. HP: 56/94 MP: 4/6
  4666 | D:9      | Found a runed translucent gate.
  4667 | D:9      | Found a runed translucent gate.
  4668 | D:9      | Found a runed translucent gate.
  4670 | D:9      | Noticed Voda's ghost (novice OpAs)
  4875 | D:9      | Reached skill level 7 in Invocations
  5097 | D:10     | Entered Level 10 of the Dungeon
  5204 | D:10     | Reached *** piety under Makhleb
  5526 | D:10     | Reached skill level 8 in Invocations
  5584 | D:10     | Killed an unseen horror
  5833 | D:10     | Noticed Joseph
  5847 | D:10     | Killed Joseph
  6136 | D:11     | Noticed Erica
  6147 | D:11     | Reached skill level 9 in Invocations
  6162 | D:11     | Killed Erica
  6162 | D:11     | Reached XP level 11. HP: 74/104 MP: 6/6
  6254 | D:11     | Reached skill level 10 in Axes
  6385 | D:11     | Noticed a green ugly thing
  6402 | D:11     | Killed a green ugly thing
  6402 | D:11     | Reached **** piety under Makhleb
  6437 | D:11     | Noticed a two-headed ogre
  6456 | D:11     | Gained mutation: You tend to lose your temper in combat. [a
                  | neqoxec]
  6457 | D:11     | Gained mutation: You often lose your temper in combat. [a
                  | neqoxec]
  6459 | D:11     | Gained mutation: Your body sometimes deteriorates upon
                  | taking damage. [a neqoxec]
  6464 | D:11     | Killed a two-headed ogre
  6517 | D:11     | Found a staircase to the Orcish Mines.
  6737 | D:11     | Noticed a cyan ugly thing
  6750 | D:11     | Killed a cyan ugly thing
  6979 | D:12     | Reached skill level 10 in Invocations
  7180 | D:12     | Noticed a red ugly thing
  7191 | D:12     | Killed a red ugly thing
  7328 | D:12     | Noticed a two-headed ogre
  7332 | D:12     | Killed a two-headed ogre
  7852 | D:12     | Noticed a two-headed ogre
  7858 | D:12     | Killed a two-headed ogre
  8013 | D:13     | Noticed a deep elf mage
  8027 | D:13     | Killed a deep elf mage
  8109 | D:13     | Noticed Kirke
  8114 | D:13     | Reached XP level 12. HP: 116/116 MP: 8/8
  8118 | D:13     | Reached ***** piety under Makhleb
  8119 | D:13     | Reached skill level 11 in Invocations
  8122 | D:13     | Killed Kirke
  8185 | D:13     | Noticed Urug
  8191 | D:13     | Killed Urug
  8228 | D:13     | Lost mutation: You often lose your temper in combat.
                  | [potion of mutation]
  8228 | D:13     | Lost mutation: You tend to lose your temper in combat.
                  | [potion of mutation]
  8228 | D:13     | Lost mutation: Your body sometimes deteriorates upon taking
                  | damage. [potion of mutation]
  8228 | D:13     | Gained mutation: You are resistant to hostile enchantments.
                  | (MR+) [potion of mutation]
  8228 | D:13     | Gained mutation: Your movements are slightly less
                  | encumbered by armour. (ER -2) [potion of mutation]
  8271 | D:13     | Noticed Jorgrun
  8275 | D:13     | Noticed a tengu warrior
  8298 | D:13     | Killed Jorgrun
  8298 | D:13     | Reached skill level 10 in Fighting
  8312 | D:13     | Killed a tengu warrior
  8334 | D:13     | Noticed a two-headed ogre
  8347 | D:13     | Killed a two-headed ogre
  8508 | D:13     | Reached skill level 12 in Invocations
  8777 | D:13     | Noticed a centaur warrior
  8782 | D:13     | Reached skill level 10 in Shields
  8792 | D:13     | Killed a centaur warrior
  8844 | D:13     | Got a brightly glowing hand axe
  8845 | D:13     | Identified the +9 hand axe of the Hero {antimagic, rC+}
                  | (You found it on level 13 of the Dungeon)
  9021 | Orc:1    | Entered Level 1 of the Orcish Mines
  9031 | Orc:1    | Noticed an orc high priest
  9054 | Orc:1    | Killed an orc high priest
  9054 | Orc:1    | Reached XP level 13. HP: 111/124 MP: 3/10
  9318 | Orc:2    | Entered Level 2 of the Orcish Mines
  9340 | Orc:2    | Found a roughly hewn altar of Beogh.
  9582 | Orc:2    | Found Vextin's Antique Weapon Shoppe.
  9698 | Orc:2    | Found a staircase to the Elven Halls.
  9840 | Orc:2    | Reached skill level 13 in Invocations
  9958 | Orc:2    | Found Tih Moph's Book Shoppe.
  9958 | Orc:2    | Found Ziseopih's Armour Shoppe.
  9959 | Orc:2    | Found Pekhlasso's Food Emporium.
  9959 | Orc:2    | Found Oggut's Antique Armour Shoppe.
  9969 | Orc:2    | Bought a runed scarf for 328 gold pieces
 10228 | D:13     | Identified the Grimoire of the Voyage
 10518 | D:14     | Found a gate leading to a gauntlet.
 10560 | D:14     | Reached ****** piety under Makhleb
 10562 | D:14     | Reached skill level 10 in Armour
 10603 | Gauntlet | Entered a Gauntlet
 10603 | Gauntlet | Found a transporter.
 10603 | Gauntlet | Found a transporter.
 10603 | Gauntlet | Found a transporter.
 10621 | Gauntlet | Found a transporter.
 10625 | Gauntlet | Found a transporter.
 10635 | Gauntlet | Found a transporter.
 10639 | Gauntlet | Found a transporter.
 10655 | Gauntlet | Found a transporter.
 10670 | Gauntlet | Found a transporter.
 10687 | Gauntlet | Found a transporter.
 10691 | Gauntlet | Found a transporter.
 10701 | Gauntlet | Found a transporter.
 10818 | Gauntlet | Gained mutation: You resist negative energy. (rN+) [Deep
                  | Dwarf growth]
 10818 | Gauntlet | Reached XP level 14. HP: 135/135 MP: 3/9
 10910 | Gauntlet | Reached skill level 14 in Invocations
 10944 | Gauntlet | Got a twisted helmet
 10955 | Gauntlet | Identified the +0 helmet "Diwk" {+Fly rF++ rCorr} (You
                  | found it in a Gauntlet)
 11232 | D:14     | Found Wof Riy's Weapon Boutique.
 11490 | D:14     | Found a gate to the Vaults.
 11526 | D:14     | Quit the game

Levels and vault maps discovered:
D:1:      giann_wishing_wells, layout_basic
D:2:      layout_loops_ring, st_stairs_3
D:3:      layout_loops_ring
D:4:      layout_loops_corners
D:5:      layout_loops_ring, first_ration, portal_sewer_entry_e,
          chequers_avenue, uniq_eustachio
D:6:      layout_cave_pools, temple_hall, hangedman_abyss_or_decor_stabs,
          nicolae_dithmenos_through_a_glass_darkly
D:7:      layout_basic, marbit_many_paths, ebering_ghost_rock_garden,
          lightli_ossuary_entry_decrepit_ruins, grunt_tough_drop
D:8:      layout_rooms, grunt_lair_entry_orc_guard_hut
D:9:      layout_long_grid, gammafunk_ghost_spectres, enter_bailey_3,
          grunt_livestock
D:10:     layout_grid_maze, uniq_joseph
D:11:     layout_loops_corners, david_orc_2, uniq_erica
D:12:     layout_grid_maze
D:13:     layout_roguey, uniq_jorgrun, uniq_kirke, uniq_urug
D:14:     layout_basic, hangedman_vaults_entry_quadrant_bands, serial_shops,
          shop_statue, gauntlet_entry_generic, nicolae_twisting_strands
Temple:   regret_index_temple_sigil_plot
Orc:1:    nicolae_orc_accident_2, layout_caves, basic_altar,
          nicolae_orc_pool_cavern
Orc:2:    st_orc_pillars, layout_caves, serial_shops, shop, basic_altar

Skill      XL: |  1  2  3  4  5  6  7  8  9 10 11 12 13 14 |
---------------+-------------------------------------------+-----
Fighting       | 3 4 5 6 7 8 9 10 11 | 11.8
Dodging        | 1 2 3 |  3.8
Axes           | 3 4 5 7 8 9 11 12 13 | 13.5
Armour         | 4 5 6 7 8 9 10 | 10.2
Shields        | 4 5 6 7 8 10 11 | 11.8
Invocations    | 3 6 9 10 12 13 14 | 14.2

Action                   |  1- 3 |  4- 6 |  7- 9 | 10-12 | 13-15 || total
-------------------------+-------+-------+-------+-------+-------++-------
Melee: War axe           |    97 |   131 |   436 |   351 |       ||  1015
       Hand axe          |       |       |       |   356 |   472 ||   828
Invok: Lesser Servant of |       |       |       |     1 |       ||     1
       Greater Servant o |       |       |       |       |     4 ||     4
 Abil: Heal Wounds       |       |     2 |    22 |    12 |    26 ||    62
Evoke: Wand              |       |       |       |       |     4 ||     4
  Use: Scroll            |       |     5 |     5 |     9 |     5 ||    24
       Potion            |       |       |       |     1 |       ||     1
 Stab: Distracted        |       |       |       |     2 |     1 ||     3
       Confused          |       |       |       |       |     1 ||     1
  Eat: Chunk             |       |     2 |     8 |    13 |     8 ||    31
       Ration            |       |       |     1 |     1 |       ||     2
Armor: Scale mail        |    53 |    22 |   112 |       |       ||   187
       Ring mail         |       |    39 |       |       |       ||    39
       Plate armour      |       |       |    63 |   374 |   160 ||   597
Dodge: Dodged            |    36 |    60 |   179 |   179 |    85 ||   539
Block: Kite shield       |    67 |    74 |   257 |   249 |       ||   647
       Tower shield      |       |       |       |   218 |   391 ||   609

Table legend:
 A = Non-vault XP
 B = Vault XP
 C = Vault XP percentage of total XP
 D = Non-vault monster count
 E = Vault monster count
 F = Vault count percentage of total count
                 A         B        C        D         E       F
            +---------+---------+-------+---------+---------+-------
      Total |   39387 |   34011 |  46.3 |     360 |     157 |  30.4
            +---------+---------+-------+---------+---------+-------
        D:1 |      24 |       0 |   0.0 |       7 |       0 |   0.0
        D:2 |      60 |       5 |   7.7 |      18 |       2 |  10.0
        D:3 |      16 |       0 |   0.0 |       8 |       0 |   0.0
        D:4 |     598 |       0 |   0.0 |      11 |       0 |   0.0
        D:5 |     172 |     229 |  57.1 |      16 |       9 |  36.0
        D:6 |     493 |       0 |   0.0 |      13 |       0 |   0.0
        D:7 |    1498 |     220 |  12.8 |      31 |       3 |   8.8
        D:8 |     883 |     557 |  38.7 |      20 |       4 |  16.7
        D:9 |    1158 |    1006 |  46.5 |      15 |       9 |  37.5
       D:10 |    2230 |     475 |  17.6 |      27 |       1 |   3.6
       D:11 |    4207 |    1201 |  22.2 |      34 |       7 |  17.1
       D:12 |    5191 |       0 |   0.0 |      29 |       0 |   0.0
       D:13 |    9812 |    6546 |  40.0 |      50 |       6 |  10.7
       D:14 |    9251 |    6286 |  40.5 |      34 |      17 |  33.3
      Orc:1 |    2375 |       0 |   0.0 |      28 |       0 |   0.0
      Orc:2 |    1419 |    8370 |  85.5 |      19 |      60 |  75.9
      Sewer |       0 |     145 | 100.0 |       0 |       6 | 100.0
    Ossuary |       0 |     171 | 100.0 |       0 |      16 | 100.0
   Gauntlet |       0 |    8800 | 100.0 |       0 |      17 | 100.0
            +---------+---------+-------+---------+---------+-------
